Cogmind - Beta 12 @@@ ROGUE MODE // 2024.02.16 @ 00:32:34 Player: Treadwheel Result: Destroyed by B-75 Beast with Heavy Machine Gun Performance ------------- Evolutions (2) 1000 Regions Visited (8) 1600 Robots Destroyed (132) 660 Value Destroyed (3989) 3989 Prototype IDs (31) 620 Alien Tech Used (0) 0 Bonus (1813) 1813 TOTAL SCORE: 9682 Bonus ------- High Alert Combat Kills 644 Follower Combat Kills 190 Entered Garrisons 200 Used RIF Installer 500 Aligned with FarCom 300 Friendly Fire -21 Cogmind --------- Core Integrity 0/550 Matter 78/300 Energy 148/150 System Corruption 18% Temperature Cool (12) Movement Walking (200) Ox1 Location -8/Garrison Parts ------- > --- POWER (1) -------- Light Angular Momentum Engine > --- PROPULSION (4) --- Light Treads Armored Medium Treads Carbon-fiber Leg (fused) Makeshift Leg > --- UTILITY (3) ------ High-capacity Storage Unit Improved Signal Interpreter Relay Coupler [Sentry] (11) > --- WEAPON (3) ------- Tesla Rifle Heavy Assault Rifle Improved Plasma Cutter > --- INVENTORY (20) --- Micro Nuclear Core Improved VTOL Module Improved Heat Sink Advanced Visual Processing Unit Experimental Sensor Array Energy Filter Cloak of Protection Improved Focal Shield Hacking Suite Authchip [R/Combat] Improved Recalibrator Rocket Launcher Missile Launcher Remote Datajack Katana Peak State ------------ > --- POWER ------------ Light Angular Momentum Engine > --- PROPULSION ------- Armored Medium Treads Carbon-fiber Leg Carbon-fiber Leg Makeshift Leg > --- UTILITY ---------- High-capacity Storage Unit Improved Signal Interpreter Relay Coupler [Sentry] > --- WEAPON ----------- Field Laser Enhanced Autogun Enhanced Autogun > --- INVENTORY -------- Micro Nuclear Core Improved VTOL Module Improved Heat Sink Advanced Visual Processing Unit Experimental Sensor Array Energy Filter Cloak of Protection Improved Focal Shield Hacking Suite Authchip [R/Combat] Improved Recalibrator Tesla Rifle Gauss Rifle Rocket Launcher Missile Launcher Remote Datajack Improved Plasma Cutter Katana [Rating: 48] Favorites ----------- Power Reinforced Ion Engine Engine Reinforced Ion Engine Power Core Light Nuclear Core Propulsion Light Treads Treads Light Treads Leg Carbon-fiber Leg Hover Unit Aerolev Unit Flight Unit Improved VTOL Module Utility High-capacity Storage Unit Device Sensor Array Storage High-capacity Storage Unit Processor Signal Interpreter Hackware Relay Coupler [Sentry] Protection Hardened Light Armor Plating Weapon Heavy Assault Rifle Energy Gun Spread Laser Energy Cannon Heavy Particle Cannon Ballistic Gun Heavy Assault Rifle Launcher Missile Launcher Special Weapon Remote Datajack Build | -11 -10 -10 -9 -9 -9 -8 -8 -8 ------- Run | Jun Mat Min Mat Min Exi Min Mat Gar Slots Evolved 4 | . . . 2 . . . 2 . Power . | . . . . . . . . . Propulsion 2 | . . . 1 . . . 1 . Utility 1 | . . . 1 . . . . . Weapon 1 | . . . . . . . 1 . Parts Attached 149 | 7 9 2 24 7 6 3 41 50 Power 14 | 1 1 1 3 1 . . 5 2 Engine 10 | 1 . 1 3 1 . . 3 1 Core 4 | . 1 . . . . . 2 1 Reactor . | . . . . . . . . . Propulsion 42 | 2 . . 6 1 . 1 14 18 Treads 26 | 2 . . 5 1 . 1 9 8 Leg 13 | . . . 1 . . . 3 9 Wheel . | . . . . . . . . . Hover 2 | . . . . . . . 2 . Flight 1 | . . . . . . . . 1 Utility 42 | 2 7 . 11 4 6 1 7 4 Device 22 | 1 4 . 7 3 3 . 1 3 Storage 9 | 1 2 . 3 . 3 . . . Processor 3 | . 1 . 1 . . . 1 . Hackware 1 | . . . . . . . . 1 Protection 7 | . . . . 1 . 1 5 . Artifact . | . . . . . . . . . Weapon 51 | 2 1 1 4 1 . 1 15 26 Energy Gun 9 | . 1 1 1 . . . 3 3 Energy Cannon 2 | . . . 2 . . . . . Ballistic Gun 28 | 2 . . 1 1 . 1 8 15 Ballistic Cannon . | . . . . . . . . . Launcher 10 | . . . . . . . 4 6 Special Weapon 2 | . . . . . . . . 2 Impact Weapon . | . . . . . . . . . Slashing Weapon . | . . . . . . . . . Piercing Weapon . | . . . . . . . . . Special Melee Weapon . | . . . . . . . . . Unidentified Prototypes 6 | . . . 1 1 . . 3 1 Corrupted Parts 1 | . . . . . . . 1 . System Corruption 10 | . . . . . . . 10 . Parts Lost 34 | . . 1 1 . . 2 11 19 Power 5 | . . 1 . . . . 2 2 Propulsion 19 | . . . 1 . . 1 7 10 Utility 2 | . . . . . . . 1 1 Weapon 8 | . . . . . . 1 1 6 Highest Loss Streak 7 | . . 1 1 . . 1 3 7 To Critical Strikes 1 | . . 1 . . . . . . Average Slot Usage (%) 99 | . 99 100 98 100 99 100 99 99 Engine 9 | . 6 12 11 11 11 11 7 5 Core 1 | . 7 1 . . . . 1 3 Treads 29 | . 28 28 31 33 33 33 29 20 Leg 3 | . . . . . . . 5 14 Device 5 | . 12 . 11 10 10 . . 8 Storage 10 | . 14 14 11 11 11 11 9 9 Processor 9 | . 1 14 11 11 11 11 9 9 Protection 3 | . . . . . . 11 8 . Energy Gun 6 | . 13 22 5 . . . 8 9 Energy Cannon 2 | . . . 7 11 11 . . . Ballistic Gun 14 | . 14 5 9 11 11 21 17 13 Naked Turns . | . . . . . . . . . Heaviest Build 71 | 12 21 21 57 64 60 64 71 62 Greatest Support 80 | 40 40 40 60 60 60 60 80 80 Greatest Overweight (x) 2 | 2 . . . 1 . 1 2 2 Average Overweight (x) . | . . . . . . . . . Largest Inventory Capacity 20 | 8 10 10 20 20 20 20 20 20 Average Capacity 17 | 7 9 10 18 20 20 20 20 20 Most Carried 20 | 7 10 10 20 20 20 20 20 20 Average Carried 17 | 5 9 9 17 19 19 19 19 19 Final Capacity 20 | 8 10 10 20 20 20 20 20 20 Final Carried 20 | 7 10 10 20 19 20 20 20 15 Class Distribution -------------------- 61% | Mutant 30% | Scavenger-Skirmisher 7% | Scavenger-Mutant Dominant Class ---------------- Mutant | -10/Materials Mutant | -10/Mines Mutant | -9/Materials Mutant | -9/Mines Mutant | -9/Exiles Mutant | -8/Mines Scavenger-Skirmisher | -8/Materials Scavenger-Skirmisher | -8/Garrison Resources | -11 -10 -10 -9 -9 -9 -8 -8 -8 ----------- Run | Jun Mat Min Mat Min Exi Min Mat Gar Matter Collected 3451 | 282 149 60 353 155 20 120 1224 1088 Remotely . | . . . . . . . . . Salvage Created 3971 | 26 249 130 868 191 . 57 1607 843 Parts 254 | 4 19 10 61 12 . 9 89 50 Haulers Intercepted 1 | . . . . . . . 1 . Recyclers Shooed 2 | . . . . . . . 2 . Parts Field Recycled . | . . . . . . . . . Retrieved Matter . | . . . . . . . . . Parts Self-Destructed . | . . . . . . . . . Prevented . | . . . . . . . . . Kills | -11 -10 -10 -9 -9 -9 -8 -8 -8 ------- Run | Jun Mat Min Mat Min Exi Min Mat Gar Combat Hostiles Destroyed 114 | . 7 7 20 8 . 4 39 29 Guns 81 | . 7 7 12 2 . 4 35 14 Cannons 14 | . . . 8 6 . . . . AOE 18 | . . . . . . . 4 14 Classes Destroyed 14 | 1 5 1 2 1 . . 3 1 Worker 1 | . . . 1 . . . . . Tunneler 1 | 1 . . . . . . . . Hauler 1 | . . . . . . . 1 . Recycler 4 | . 1 . 1 . . . 2 . Operator 3 | . 1 . 1 . . . 1 . Watcher 9 | . 1 . 4 . . . 3 1 Swarmer 41 | . 3 4 7 6 . 4 10 7 Grunt 45 | . 4 2 7 1 . . 18 13 Brawler 3 | . . . . 1 . . . 2 Sentry 16 | . . . 6 . . . 7 3 Hunter 4 | . . . . . . . 3 1 Programmer 3 | . . . . . . . . 3 Heavy 1 | . . . . . . . 1 . Assembled 1 | . . 1 . . . . . . Best Kill Streak 7 | 1 3 3 4 3 . 4 6 7 Combat Bots Only 7 | . 3 3 4 3 . 4 6 7 Max Kills in Single Turn 4 | 1 1 1 1 1 . 1 2 4 Gunslinging 1 | . . . . . . . 1 1 Exploded 4 | . . . . . . . 1 4 Melee . | . . . . . . . . . Uniques/NPCs Destroyed . | . . . . . . . . . Combat | -11 -10 -10 -9 -9 -9 -8 -8 -8 -------- Run | Jun Mat Min Mat Min Exi Min Mat Gar Damage Taken 6548 | . 246 176 681 331 . 254 2075 2785 Core 750 | . 30 . 103 28 . 27 187 375 Absorbed by Shields . | . . . . . . . . . Regen/Repaired (Parts) 275 | . . . 59 . . . 216 . Core Remaining (%) 82 | 100 . 88 . . . 60 . . Volleys Fired 330 | 3 23 18 56 24 . 13 108 85 Largest 3 | 2 2 2 2 2 . 2 3 3 Hottest 147 | 40 85 130 130 98 . 98 113 147 Shots Fired 802 | 6 46 34 105 48 . 26 311 226 Gun 706 | 6 46 34 70 24 . 22 302 202 Cannon 63 | . . . 35 24 . 4 . . Launcher 30 | . . . . . . . 9 21 Special 3 | . . . . . . . . 3 Kinetic 458 | 6 23 10 43 24 . 22 206 124 Thermal 310 | . 23 24 62 24 . 4 96 77 Explosive 27 | . . . . . . . 6 21 Electromagnetic 4 | . . . . . . . 3 1 Robot Hit Streak 20 | 3 10 6 9 5 . 7 20 13 Robot Miss Streak 11 | 3 5 9 5 3 . 3 11 3 Penetration Max . | . . . . . . . . . Secondary Targets 6 | . 1 . . . . . 2 3 Max Gunslinging Chain 1 | . 1 . . . . . 1 1 Shots Hit Robots 488 | 3 35 22 65 23 . 17 211 112 Core Hits 315 | 2 40 21 40 9 . 6 131 66 Critical Kills 2 | . . . 1 . . . 1 . Critical Parts Destroyed 1 | . . . . . . . . 1 Critical Strikes 8 | . . . 2 . . . 3 3 Burn 5 | . . . 1 . . . 2 2 Destroy 3 | . . . 1 . . . 1 1 Melee Attacks . | . . . . . . . . . Impact . | . . . . . . . . . Slashing . | . . . . . . . . . Piercing . | . . . . . . . . . Sneak Attacks . | . . . . . . . . . Combat Hostiles . | . . . . . . . . . Follow-up Attacks . | . . . . . . . . . Damage Inflicted 10392 | 29 418 287 1157 540 . 277 3769 3915 Guns 6803 | 29 416 287 599 180 . 202 3217 1873 Cannons 974 | . . . 539 360 . 75 . . Explosions 2592 | . . . . . . . 550 2042 Melee . | . . . . . . . . . Ramming 23 | . 2 . 19 . . . 2 . Kinetic 4221 | 29 121 62 321 180 . 202 2041 1265 Thermal 3541 | . 295 225 817 360 . 75 1176 593 Explosive 2433 | . . . . . . . 391 2042 Electromagnetic 174 | . . . . . . . 159 15 Impact . | . . . . . . . . . Slashing . | . . . . . . . . . Piercing . | . . . . . . . . . Highest Corruption 18 | . . . . . . . 10 18 Average Corruption 12 | . . . . . . . 10 13 Corruption Purged . | . . . . . . . . . Corruption Blocked . | . . . . . . . . . Effects 82 | . . . . . . . 4 78 Message Errors 20 | . . . . . . . 2 18 Matter Fused 17 | . . . . . . . 1 16 Heat Flow Errors 10 | . . . . . . . 1 9 Energy Discharges 7 | . . . . . . . . 7 Parts Rejected 1 | . . . . . . . . 1 Parts Fused 2 | . . . . . . . . 2 Data Loss (minor) 10 | . . . . . . . . 10 Data Loss (major) 5 | . . . . . . . . 5 Misfires 3 | . . . . . . . . 3 Weapon Failures 7 | . . . . . . . . 7 Overload Shots . | . . . . . . . . . Overflow Damage 55 | . . . 5 5 . . . 45 Projectiles 10 | . . . 5 5 . . . . Explosions 45 | . . . . . . . . 45 Melee . | . . . . . . . . . Knockbacks . | . . . . . . . . . Impact . | . . . . . . . . . Kinetic . | . . . . . . . . . Secondary . | . . . . . . . . . Self-Inflicted Damage 137 | . . . . . . . . 137 Shots 6 | . . . . . . . . 6 Rammed 3 | . . . 3 . . . . . Targets Rammed 5 | . 1 . 3 . . . 1 . Kicked 1 | . . . . . . . 1 . Crushed 1 | . 1 . . . . . . . Highest Temperature 394 | . 123 255 196 252 . 296 394 300 Average Temperature 94 | . 44 84 52 95 . 90 126 82 Received Heat Transfer 1944 | . 84 24 255 48 . 108 684 741 Effects 21 | . . . . 3 . . 12 6 Shutdowns 1 | . . . . . . . 1 . Energy Bleed 5 | . . . . . . . 3 2 Interference 11 | . . . . 3 . . 4 4 Short Circuit 1 | . . . . . . . 1 . Damage (minor) 3 | . . . . . . . 3 . Siege Activations . | . . . . . . . . . Robots Corrupted . | . . . . . . . . . Combat Hostiles . | . . . . . . . . . Parts Fried 1 | . . . . . . . 1 . Impact Corruptions . | . . . . . . . . . Robots Melted 1 | . . . . . . . . 1 Combat Hostiles 1 | . . . . . . . . 1 Parts Melted 12 | . . . 4 2 . . 1 5 Heat Transferred 6363 | . 380 326 1364 518 . 111 2258 1406 Parts Sabotaged . | . . . . . . . . . Parts Stolen . | . . . . . . . . . Parts Stripped . | . . . . . . . . . Power Chain Reactions . | . . . . . . . . . Missiles Intercepted . | . . . . . . . . . Alert | -11 -10 -10 -9 -9 -9 -8 -8 -8 ------- Run | Jun Mat Min Mat Min Exi Min Mat Gar Peak Influence 1313 | 5 234 154 508 225 . 90 669 1313 Initial 434 | . 3 44 . 141 . . . 434 Average 266 | 2 87 58 274 116 . 9 247 932 Maximum Alert Level 4 | . 1 . 2 1 . . 2 4 Low Security (%) 55 | 100 86 100 19 81 . 100 43 . Level 1 21 | . 13 . 67 18 . . 29 . Level 2 11 | . . . 13 . . . 26 24 Level 3 5 | . . . . . . . . 37 Level 4 5 | . . . . . . . . 37 Level 5 . | . . . . . . . . . High Security . | . . . . . . . . . Max Security . | . . . . . . . . . Squads Dispatched 19 | . 3 . 3 . . . 13 . Investigation 9 | . 1 . 3 . . . 5 . Extermination . | . . . . . . . . . Reinforcement 7 | . 2 . . . . . 5 . Assault . | . . . . . . . . . Garrison 3 | . . . . . . . 3 . Intercept . | . . . . . . . . . Searches Triggered . | . . . . . . . . . Construction Impeded 1 | . . . . . . . 1 . Haulers Reinforced . | . . . . . . . . . Active Scanning Responses . | . . . . . . . . . Cargo Convoy Interrupts . | . . . . . . . . . Stealth | -11 -10 -10 -9 -9 -9 -8 -8 -8 --------- Run | Jun Mat Min Mat Min Exi Min Mat Gar Distress Signals 7 | . 1 . 1 . . . 5 . Communications Jammed . | . . . . . . . . . Distress Signals . | . . . . . . . . . Times Spotted 172 | . 15 9 40 11 . 7 60 30 Peak Tracking Total 5 | . 3 3 4 4 . 4 5 4 Tactical Retreats 6 | . 1 1 3 1 . . . . Traps | -11 -10 -10 -9 -9 -9 -8 -8 -8 ------- Run | Jun Mat Min Mat Min Exi Min Mat Gar Traps Triggered 3 | . . . 2 . . . 1 . Indirectly . | . . . . . . . . . Trap Hack Attempts . | . . . . . . . . . Triggered . | . . . . . . . . . Disarmed . | . . . . . . . . . Reprogrammed 4 | . . . . . . . 4 . Reused 1 | . . . . . . . 1 . Traps Extracted . | . . . . . . . . . Installed . | . . . . . . . . . Triggered 1 | . . . . . . . 1 . Most Traps Carried 1 | . . . . 1 . . . . Machines | -11 -10 -10 -9 -9 -9 -8 -8 -8 ---------- Run | Jun Mat Min Mat Min Exi Min Mat Gar Machines Disabled 5 | . . . 1 . . . 4 . Max in Single Turn 3 | . . . 1 . . . 3 . Machines Repaired . | . . . . . . . . . Machines Sabotaged . | . . . . . . . . . Overloaded Fab Kills . | . . . . . . . . . Hacking | -11 -10 -10 -9 -9 -9 -8 -8 -8 --------- Run | Jun Mat Min Mat Min Exi Min Mat Gar Machines Accessed 34 | . 4 . 16 . 1 . 10 3 Terminals 20 | . 2 . 12 . . . 3 3 Fabricators . | . . . . . . . . . Repair Stations 4 | . . . 2 . . . 2 . Recycling Units 4 | . 2 . . . . . 2 . Scanalyzers 4 | . . . 2 . . . 2 . Garrison Access 1 | . . . . . . . 1 . Total Hacks 110 | . 12 . 47 . 1 . 39 11 Successful 53 | . 3 . 21 . 1 . 24 4 Failed 57 | . 9 . 26 . . . 15 7 Catastrophic 11 | . 4 . 4 . . . 1 2 Database Lockouts . | . . . . . . . . . Manual 26 | . 4 . 11 . 1 . 7 3 Terminals 63 | . 4 . 33 . . . 15 11 Fabricators . | . . . . . . . . . Repair Stations 14 | . . . 7 . . . 7 . Recycling Units 16 | . 8 . . . . . 8 . Scanalyzers 14 | . . . 7 . . . 7 . Garrison Access 2 | . . . . . . . 2 . Terminal Hacks 22 | . . . 12 . 1 . 6 3 Record 2 | . . . 2 . . . . . Robot Analysis 3 | . . . 2 . . . 1 . Prototype ID Bank 1 | . . . 1 . . . . . Open Door 1 | . . . . . . . . 1 Branch Access Points 1 | . . . 1 . . . . . Emergency Access Points 1 | . . . . . . . . 1 Alert Level 1 | . . . 1 . . . . . Unreport Threat 1 | . . . 1 . . . . . Locate Traps 4 | . . . 3 . . . 1 . Reprogram Traps 1 | . . . . . . . 1 . Registered Components 1 | . . . . . . . 1 . Zone Layout 3 | . . . 1 . . . 2 . Garrison Registry 1 | . . . . . . . . 1 EX-Prototype ID Bank 1 | . . . . . 1 . . . Fabricator Hacks . | . . . . . . . . . Repair Station Hacks 7 | . . . 3 . . . 4 . Scan Component 4 | . . . 2 . . . 2 . Repair 3 | . . . 1 . . . 2 . Recycling Unit Hacks 5 | . 1 . . . . . 4 . Report Inventory 2 | . 1 . . . . . 1 . Retrieve Matter 1 | . . . . . . . 1 . Retrieve Components 2 | . . . . . . . 2 . Scanalyzer 12 | . . . 6 . . . 6 . Insert Component 6 | . . . 3 . . . 3 . Analyze 6 | . . . 3 . . . 3 . Garrison Access Hacks 1 | . . . . . . . 1 . Unlock Access 1 | . . . . . . . 1 . Unauthorized Hacks 6 | . 2 . . . . . 3 1 Terminals 2 | . . . . . . . 1 1 Assimilate 2 | . . . . . . . 1 1 Fabricators . | . . . . . . . . . Repair Stations . | . . . . . . . . . Recycling Units 4 | . 2 . . . . . 2 . Reject 4 | . 2 . . . . . 2 . Scanalyzers . | . . . . . . . . . Garrison Access . | . . . . . . . . . Data Cores Recovered 2 | . 1 . 1 . . . . . Used 1 | . 1 . . . . . . . Hacking Detections 33 | . 4 . 16 . . . 10 3 Full Trace Events 10 | . 2 . 3 . . . 4 1 Feedback Events . | . . . . . . . . . Feedback Blocked . | . . . . . . . . . Robot Schematics Acquired . | . . . . . . . . . Robots Built . | . . . . . . . . . Authchips . | . . . . . . . . . Time . | . . . . . . . . . Total Robot Build Rating . | . . . . . . . . . Part Schematics Acquired 6 | . . . 3 . . . 3 . Parts Built . | . . . . . . . . . Authchips . | . . . . . . . . . Time . | . . . . . . . . . Total Part Build Rating . | . . . . . . . . . Parts Repaired 3 | . . . 1 . . . 2 . Time 128 | . . . 64 . . . 64 . Parts Recycled . | . . . . . . . . . Recycled Matter . | . . . . . . . . . Retrieved Matter 173 | . . . . . . . 173 . Retrieved Components 15 | . . . . . . . 15 . Parts Scanalyzed 6 | . . . 3 . . . 3 . Part Schematics Acquired 6 | . . . 3 . . . 3 . Parts Damaged . | . . . . . . . . . Bothacking | -11 -10 -10 -9 -9 -9 -8 -8 -8 ------------ Run | Jun Mat Min Mat Min Exi Min Mat Gar Used RIF Installer 1 | . . . . . . . . 1 Robots Hacked 2 | . . . . . . . . 2 Non-combat . | . . . . . . . . . Combat 2 | . . . . . . . . 2 Robot Hacks Applied 2 | . . . . . . . . 2 streamctrl_high 2 | . . . . . . . . 2 Relay Couplers Released . | . . . . . . . . . Attached 1 | . . . . . . . . 1 Fabnet Peak Effective % . | . . . . . . . . . Robots Rewired . | . . . . . . . . . Allies Hacked . | . . . . . . . . . Hacks Repelled . | . . . . . . . . . Allies | -11 -10 -10 -9 -9 -9 -8 -8 -8 -------- Run | Jun Mat Min Mat Min Exi Min Mat Gar Total Allies 7 | . . 3 . . . . . 4 Largest Group 3 | . . 3 3 . . . . 2 Highest-Rated Group 51 | . . 40 40 . . . . 51 Highest-Rated Ally 31 | . . 16 16 . . . . 31 Total Orders . | . . . . . . . . . Ally Attacks 71 | . . . 64 . . . . 7 Total Damage 938 | . . . 778 . . . . 160 Kills 13 | . . . 13 . . . . . Allies Corrupted . | . . . . . . . . . Allies Melted . | . . . . . . . . . Intel | -11 -10 -10 -9 -9 -9 -8 -8 -8 ------- Run | Jun Mat Min Mat Min Exi Min Mat Gar Robot Analysis Total 3 | . . . 2 . . . 1 . Derelict Logs Recovered 2 | . . 1 . 1 . . . . Drone Launches . | . . . . . . . . . Drone Recoveries . | . . . . . . . . . Exploration | -11 -10 -10 -9 -9 -9 -8 -8 -8 ------------- Run | Jun Mat Min Mat Min Exi Min Mat Gar Turns Passed 13066 | 115 995 1022 2340 1128 632 2589 2318 1927 Spaces Moved 5875 | 56 525 563 1193 641 388 707 943 859 Core 10 | 10 . . . . . . . . Treads 5344 | 46 525 563 1193 641 388 707 795 486 Legs 521 | . . . . . . . 148 373 Wheels . | . . . . . . . . . Hover . | . . . . . . . . . Flight . | . . . . . . . . . Fastest Speed 50 | 50 160 160 160 160 160 160 160 160 Average Speed 174 | 149 160 160 160 161 160 239 171 183 Slowest Speed 280 | 160 160 160 160 240 160 240 270 280 Overloaded Moves . | . . . . . . . . . Propulsion Burnouts . | . . . . . . . . . Robots Hopped . | . . . . . . . . . Cave-ins Triggered . | . . . . . . . . . Exploration Rate (%) 74 | 4 86 84 89 97 79 100 58 72 Regions Visited 8 Branch Regions 4 Pre-discovered Areas 2 | . . . . 2 . . . . Known Exits Taken 7 | . 1 1 1 1 1 1 1 . Unknown Exits Taken 1 | 1 . . . . . . . . Scrap Searched 3 | . . 1 . 1 . 1 . . Spaces Dug 1 | . . . . 1 . . . . Terrain Destroyed 183 | . . . 13 10 . 1 63 96 Melee . | . . . . . . . . . Projectile 30 | . . . 13 10 . 1 . 6 AOE 153 | . . . . . . . 63 90 Terrain Rammed . | . . . . . . . . . Walls Destroyed . | . . . . . . . . . Machines Disabled . | . . . . . . . . . Actions | -11 -10 -10 -9 -9 -9 -8 -8 -8 --------- Run | Jun Mat Min Mat Min Exi Min Mat Gar Total 8043 | 79 637 652 1526 687 398 1576 1437 1051 Wait 1478 | 7 53 62 190 9 . 846 297 14 Move 5867 | 55 524 562 1192 640 387 706 942 859 Hop . | . . . . . . . . . Pick Up 119 | 7 14 4 33 2 2 5 27 25 Fast Attach 20 | 7 . 1 1 . 1 . 4 6 Attach 39 | . 1 1 3 . 1 2 13 18 Detach 4 | . 1 . 1 . . . 1 1 Swap 90 | . 8 . 20 7 4 1 24 26 Drop 89 | . 12 4 27 5 3 3 20 15 Fire 330 | 3 23 18 56 24 . 13 108 85 Melee . | . . . . . . . . . Ram . | . . . . . . . . . Kick 1 | . . . . . . . 1 . Crush 4 | . 1 . 3 . . . . . Escape Stasis . | . . . . . . . . . Rewire 2 | . . . . . . . . 2 Trap . | . . . . . . . . . Miscellaneous . | . . . . . . . . . Route ------- -11/Junkyard -10/Materials (discovered 3 exits: *Mat x2 / *Min) -10/Mines (discovered 2 exits: *Mat x2) -9/Materials (discovered 4 exits: *Mat x2 / *Min x2) -9/Mines (discovered 3 exits: *Mat x2 / *Exi) -9/Exiles (discovered 2 exits: *Min x2) -8/Mines (discovered 2 exits: *Mat x2) -8/Materials (discovered 2 exits: *Fac / Gar) -8/Garrison (discovered 4 exits: *Mat x4) History --------- Turn | Location | Event 21 | -11/Junkyard | Discovered new exit (range 16) 116 | -11/Junkyard | Entered Materials 316 | -10/Materials | Build established: Mutant 351 | -10/Materials | Discovered new exit (range 15) 674 | -10/Materials | Discovered new exit (range 10) 944 | -10/Materials | Discovered new exit (range 16) 991 | -10/Materials | Identified exit to Materials 1110 | -10/Materials | Identified exit to Mines 1111 | -10/Materials | Entered Mines 1430 | -10/Mines | Assembled infested the area 1435 | -10/Mines | Assisted by a Guerilla fighting off Assembled 1655 | -10/Mines | Discovered exit to Materials (range 10) 1823 | -10/Mines | Discovered exit to Materials (range 9) 1942 | -10/Mines | Assisted by bots powering up and referring to "LRC-V3" 2133 | -10/Mines | Entered Materials 2133 | -9/Materials | Accompanied by 3 allies 2133 | -9/Materials | Evolved 2 slots: Propulsion x1, Utility x1 2134 | -9/Materials | Discovered new exit (range 15) 2159 | -9/Materials | Identified exit to Mines 2440 | -9/Materials | Build established: Scavenger-Mutant 2880 | -9/Materials | Repaired Faulty Adv. Beam Cannon 3085 | -9/Materials | Discovered new exit (range 15) 3111 | -9/Materials | Identified exit to Materials 3261 | -9/Materials | Build established: Mutant 3895 | -9/Materials | Discovered exit to Materials (range 16) 4473 | -9/Materials | Entered Mines 4478 | -9/Mines | Met a Derelict bent on vengeance 4644 | -9/Mines | Found a damaged Exp. Sensor Array with a note attached 4648 | -9/Mines | Found Prototype Device 4649 | -9/Mines | Identified Exp. Sensor Array 4653 | -9/Mines | Discovered exit to Materials (range 16) 4782 | -9/Mines | Deemed a non-threat by the Exiles lab entrance 4783 | -9/Mines | Discovered new exit (range 5) 4790 | -9/Mines | Identified exit to Exiles 4832 | -9/Mines | Learned location of Storage (-7) 4921 | -9/Mines | Discovered exit to Materials (range 10) 5096 | -9/Mines | Learned location of Zion (-7) 5303 | -9/Mines | Found a hidden stash of uninstalled traps 5601 | -9/Mines | Entered Exiles 5622 | -9/Exiles | Discovered new exit (range 15) 5645 | -9/Exiles | Identified exit to Mines 5677 | -9/Exiles | Met 8R-AWN 5702 | -9/Exiles | Met EX-HEX 5845 | -9/Exiles | Met EX-DEC 5881 | -9/Exiles | Visited The Gauntlet 5997 | -9/Exiles | Met EX-BIN 6019 | -9/Exiles | Aligned with FarCom system 6021 | -9/Exiles | Given EX-Vault access code 6059 | -9/Exiles | Opened EX-Vault 6069 | -9/Exiles | Found Cloak of Protection 6116 | -9/Exiles | Warned to stay clear of 0b10 Research branches 6128 | -9/Exiles | Exiles lab attacked by MAIN.C 6215 | -9/Exiles | Discovered exit to Mines (range 14) 6233 | -9/Exiles | Left Exiles lab with Cloak of Protection 6233 | -9/Exiles | Entered Mines 6516 | -8/Mines | Discovered exit to Materials (range 14) 7253 | -8/Mines | Discovered exit to Materials (range 8) 8822 | -8/Mines | Entered Materials 8822 | -8/Materials | Evolved 2 slots: Propulsion x1, Weapon x1 9137 | -8/Materials | Build established: Scavenger-Skirmisher 10080 | -8/Materials | Repaired Lgt. Treads 10119 | -8/Materials | Repaired Hrd. Medium Armor Plating 10386 | -8/Materials | Discovered new exit (range 15) 10425 | -8/Materials | Lost 3 parts (1p1n1w) 10463 | -8/Materials | Identified exit to Factory 10916 | -8/Materials | Garrison activated, responded to threat 11039 | -8/Materials | System corruption reached 10% 11112 | -8/Materials | Identified exit to Garrison 11140 | -8/Materials | Entered Garrison 11200 | -8/Garrison | Triggered checkpoint 11364 | -8/Garrison | Core integrity fell below 50% 11395 | -8/Garrison | Rescued a captive Derelict 11396 | -8/Garrison | Rescued a captive Derelict 11530 | -8/Garrison | Triggered checkpoint 11587 | -8/Garrison | Discovered new exit (range 5) 11592 | -8/Garrison | Identified exit to Materials 11718 | -8/Garrison | Triggered checkpoint 11733 | -8/Garrison | Triggered checkpoint 11763 | -8/Garrison | Destroyed 7 combat bots 11984 | -8/Garrison | Discovered exit to Materials (range 12) 12050 | -8/Garrison | Triggered checkpoint 12096 | -8/Garrison | Lost 3 parts (2n1w) 12339 | -8/Garrison | Core integrity fell below 20% 12384 | -8/Garrison | Lost 7 parts (1p4n1u1w) 12630 | -8/Garrison | Discovered exit to Materials (range 14) 12710 | -8/Garrison | Triggered checkpoint 12725 | -8/Garrison | Discovered exit to Materials (range 47) 12725 | -8/Garrison | Discovered exit to Materials (range 15) 12725 | -8/Garrison | Discovered exit to Materials (range 66) 12725 | -8/Garrison | Discovered exit to Materials (range 68) 12929 | -8/Garrison | Installed Relay Interface Framework 13030 | -8/Garrison | Spotted B-75 Beast 13067 | -8/Garrison | Destroyed by B-75 Beast with Heavy Machine Gun Last Messages --------------- 13035_ Lgt. Treads destroyed. 13036_ Defender 3a destroyed. 13038_ Jacked Y-45 Defender... >>streamctrl_high Hijacking control node. 13040_ System corrupted: Carbon-fiber Leg fused. 13046_ Acquired 59 matter. 13048_ Defender 3b destroyed. 13048_ Acquired 4 matter. 13051_ Knocked back. 13052_ Acquired 1 matter. 13054_ Enh. Autogun blasted off. 13054_ Carbon-fiber Leg destroyed. 13057_ Field Laser destroyed. 13059_ Slug penetrates B-75 Beast. 13060_ Enh. Autogun destroyed. 13063_ Acquired Lgt. Treads. 13063_ Gauss Rifle destroyed. 13066_ Acquired Hvy. Assault Rifle. [Achievement: Just Browsing] Map ----- +----------------------------------------------------+ | ??????????###### ####### #?## ###??????????? | | ??????????# ^^ + #??####????????????? | | ??????????# ^^ #####??????????????????? | | ??????????# ###"""#####??????????????????????? | | ??????????# #?# #??????????????????????????? | | ??????????# #?#####??????????????????????????? | | ??????????# #????????????????????????????????? | | ??????????# #????????????????????????????????? | | ??????????# ###??????????????????????????????? | | ??????????# "g#??????????????????????????????? | | ??????????# "g#??????????????????????????????? | | ??????????# " #??????????????????????????????? | | ??????????# ###??????????????????????????????? | | ??????????# #????????????????????????????????? | | ??????????# #######################??????????? | | ??????????# #??????????? | | ??????????# #??????????? | | ??????????#++######## < ######### #???????#### | | ??????????# #??????# #???????# #???????# # | | ??????????# #??????#####???????# #???????# | | ??????????# #??????????????????# #???????# | | ??????????# #????############??# #???????# | | ????####### #????#""""""""""#??# #???????# # | | ????#""""^# #????#"""=BB!"""#??# #?????### # | | ????#" #????#""%[BB^ ""#??# #?????# # | | ????#"""" # #????#"] @!!!%!"#??# #?????# # | | ????####### #????#"! # *#! "#??# #?????# # | | ??????????# #????#"! #[!# "#??# #?????### # | | ??????????# #????#"[ # %#^["#??# #???????# # | | ??????????# #????#"| #### ]"#??# #???????# # | | ??????????# #????#"]^ !"#??# #???????# # | | ??????????# #????#"" [""#??# #???????# # | | ????####### #????### ###??# #???????# # | | ????# #! # #??????# #????# #???????# # | | ????# !" # #??????## ####????# #????#### # | | ????#+##+## #########+"######### ######T# | | ????# " / " [[*" | | ????#+##+## + | | ????# !" ################################# | | ????# # #?????????????????????????????### | | ????#######?????????????????????????????# | | ????????????????????????????????????????# [* | | ????????????????????????????????????????#[= | | ????????????????????????????????????????# [ | | ????????????????????????????????????????### | | ?????????????????????????????????######## # | | ???###########???????????????????# | | ???#""""" #???????????????????# / | | ???#" " #???????????????????# ####### | | ???#" #???????????????????# #????## | +----------------------------------------------------+ Best States ------------- Heat Dissipation 45 Energy Generation 18 Energy Capacity 280 Matter Stores 300 Matter Capacity 300 Sight Range 16 Robot Scan Range 20 Terrain Scan Density 10 Armor Coverage 225 Evasion (%) 40 Recoil Reduction 4 Relay Coupler Types 1 Relay Coupler Value 31 Authchip Count 1 Item Schematics ----------------- Datajack | -9/Materials | Scanalyzed Adv. Visual Processing Unit | -9/Materials | Scanalyzed Plasma Cutter | -9/Materials | Scanalyzed Aerolev Unit | -8/Materials | Scanalyzed Carbon-fiber Leg | -8/Materials | Scanalyzed Lgt. Treads | -8/Materials | Scanalyzed Robot Schematics ------------------ None Fabricated ------------ Nothing Alien Tech Used ----------------- None Achievements -------------- Dynamic Key Just Browsing Loot Pinata Maybe Next Time I'll Detach My Launcher Challenges ------------ None Game ------ Seed ConstructFusionMallet Manual? 0 Play Time 02:05:41 Cumulative 24.7 hours Start 2024.02.11 @ 23:01:18 End 2024.02.16 @ 00:32:34 Sessions 8 Manual Loads 0 Difficulty Rogue Special Mode None Game No. 14 Rogue 14 Adventurer 0 Explorer 0 Win Type - Total 0 Types 0/0/0/0/0/0/0/0/0 Lore% 21 Gallery% 25 Achievement% 21 Wizard Run 0 Options --------- ASCII 0 Keyboard 0 Movement Numpad Keybinds 0 Fullscreen 1 Font 18/SmallcapsGlow Map View 76x50 Tactical HUD 1 Map Filters NONE Filters NONE Steam 1 RUN: fb32922b-c148-4636-a49e-251785234d8c